 Dungeon Crawl Stone Soup version 0.23-a0-435-g79ed067 (webtiles) character file.

31 galech the Skirmisher (level 3, 28/29 HPs)
             Began as a Demonspawn Fighter on Nov 15, 2018.
             Quit the game on level 2 of the Dungeon.
             The game lasted 00:01:07 (1099 turns).

galech the Skirmisher (Demonspawn Fighter)          Turns: 1099, Time: 00:01:08

Health: 28/29      AC:  6    Str: 16    XL:     3   Next: 7%
Magic:  3/3        EV:  4    Int:  9    God:
Gold:   113        SH: 13    Dex: 13    Spells: 2/2 levels left

rFire    . . .     SeeInvis .   a - +0 war axe
rCold    . . .     Gourm    .   e - +0 large shield
rNeg     . . .     Faith    .   o - +0 scale mail (curse)
rPois    .         Spirit   .   (helmet restricted)
rElec    .         Reflect  .   (no cloak)
rCorr    .         Harm     .   (no gloves)
MR       .....                  (no boots)
Stlth    ..........             (no amulet)
HPRegen  0.09/turn              (no ring)
MPRegen  0.08/turn              (no ring)

@: no status effects
A: claws 1, horns 1
a: no special abilities


You were on level 2 of the Dungeon.
You were hungry.

You visited 1 branch of the dungeon, and saw 2 of its levels.

You collected 113 gold pieces.

Inventory:

Hand Weapons
 a - a +0 war axe (weapon)
Armour
 b - a +0 scale mail
 c - a +0 shield
 e - a +0 large shield (worn)
 o - a cursed +0 scale mail (worn)
Wands
 p - a wand of disintegration (16)
Scrolls
 h - a scroll of teleportation {unknown}
 i - a scroll of random uselessness {unknown}
 j - a scroll of identify {unknown}
 k - a scroll of blinking {unknown}
 l - a scroll of fear {unknown}
Potions
 d - a potion of might
 g - 3 potions of curing {unknown}
 m - a potion of flight {unknown}
 n - 2 potions of magic {unknown}
Comestibles
 f - 5 rations


   Skills:
 + Level 3.2 Fighting
 + Level 2.5 Axes
 + Level 2.8 Armour
 + Level 0.1 Dodging
 + Level 3.0 Shields


You had 2 spell levels left.
You didn't know any spells.
Your spell library was empty.

Dungeon Overview and Level Annotations

Branches:
Dungeon (2/15)

Altars:


Innate Abilities, Weirdness & Mutations

You have sharp fingernails.
You have a pair of small horns on your head.


Message History

Oops, that feels deathly cold.
p - a wand of disintegration (16)
You open the door.
There is an open door here.
An adder skeleton comes into view.
You block the adder skeleton's attack.
Your shield and scale mail prevent you from hitting the adder skeleton.
You block the adder skeleton's attack. x2
You barely miss the adder skeleton. The adder skeleton barely misses you.
You slash the adder skeleton!
The adder skeleton is severely damaged.
The adder skeleton bites you. You block the adder skeleton's attack.
You slash the adder skeleton!
You destroy the adder skeleton!
You have reached level 3!
Your experience leads to an increase in your attributes!
Increase (S)trength, (I)ntelligence, or (D)exterity?
You feel agile.
Your demonic ancestry asserts itself...
Your fingernails lengthen.
Are you sure you want to abandon this character and quit the game? (Confirm

##..#####.#.........
#.........#.........
#...#######.........
#...# #########+
#...###############
#.......#.........#
#.#.###.#.#######.#
#.......#.# #.#
#.###@#####.# #.#
#...........# #.#
#####.####### #.#
#.# #.# #.# #.##
####+##### #.# #...
#........# #.# ####
#........# #.#
#........# ##'###


There were no monsters in sight!

Vanquished Creatures
  An adder skeleton (D:2)
  A dart slug (D:1)
  A ball python (D:1)
  4 bats (D:1)
  2 hobgoblins (D:1)
  A quokka (D:2)
  5 goblins
  6 kobolds
  6 rats
27 creatures vanquished.

Notes
Turn   | Place    | Note
-------+----------+-------------------------------------------
     0 | D:1      | galech the Demonspawn Fighter began the quest for the Orb.
     0 | D:1      | Reached XP level 1. HP: 18/18 MP: 1/1
   246 | D:1      | Gained mutation: You have a pair of small horns on your
                  | head. [demonic ancestry]
   246 | D:1      | Reached XP level 2. HP: 22/24 MP: 2/2
  1098 | D:2      | Gained mutation: You have sharp fingernails. [demonic
                  | ancestry]
  1098 | D:2      | Reached XP level 3. HP: 28/29 MP: 3/3
  1099 | D:2      | Quit the game

Vault maps used:
D:1:      ncdulo_watergridlock

Skill      XL: |  1  2 |
---------------+-------+-----
Axes           | 2 |  2.5
Shields        | 3 |  3.0
Fighting       | |  3.2
Armour         | |  2.8
Dodging        | |  0.1

Action                   || total
-------------------------++-------
Melee: War axe           ||    75
       Headbutt          ||     8
Armor: Scale mail        ||    40
Dodge: Dodged            ||    13
Block: Large shield      ||    60
       Shield            ||     1

Table legend:
 A = Non-vault XP
 B = Vault XP
 C = Vault XP percentage of total XP
 D = Non-vault monster count
 E = Vault monster count
 F = Vault count percentage of total count
                 A         B        C        D         E       F
            +---------+---------+-------+---------+---------+-------
      Total |      45 |       0 |   0.0 |      27 |       0 |   0.0
            +---------+---------+-------+---------+---------+-------
        D:1 |      34 |       0 |   0.0 |      22 |       0 |   0.0
        D:2 |      11 |       0 |   0.0 |       5 |       0 |   0.0
            +---------+---------+-------+---------+---------+-------
